 Dungeon Crawl Stone Soup version 0.31.0-1-g2c135a008e (webtiles) character file.

Game seed: 14072100417449461683

7936 GreatBamboolord the Apothecary (level 11, -11/78 HPs)
             Began as a Demonspawn Alchemist on Jan 20, 2024.
             Was a Believer of Ashenzari.
             Killed from afar by a rime drake (19 damage)
             ... with an icy flash freeze
             ... on level 1 of the Lair of Beasts.
             The game lasted 00:24:18 (10324 turns).

GreatBamboolord the Apothecary (DsAl)              Turns: 10324, Time: 00:24:19

Health: -11/78     AC:  7    Str: 14    XL:     11   Next: 3%
Magic:  14/35      EV: 21    Int: 20    God:    Ashenzari [**....]
Gold:   618        SH:  0    Dex: 18    Spells: 9/23 levels left

rFire   + . .        m - +2 dagger "Eviscerator" {flame, rC- rCorr MP+9 Dex+4}
rCold   . . .        (no shield)
rNeg    . . .        r - +2 robe of the Cosmic Seer {rC+ rF+, Fort, Melee} (curse)
rPois   .            (no helmet)
rElec   .            I - scarf {shadows}
rCorr   +            (no gloves)
SInv    +            p - +0 pair of boots
Will    .....        o
                       - Hermit's Pendant {Faith Invo=14 Evo=0 MP+5, Elem, Sorc} (curse)
Stlth   +++          i - +5 ring of evasion
HPRegen 0.33/turn    e - ring of Ashenzari's Black Moon {Str+6, Dev, Sorc} (curse)
MPRegen 0.24/turn

%: faith
@: lethally poisoned (-11 -> -23), radiating poison
A: yellow scales 1, ignite blood 2, demonic magic 1, weakness stinger 1
a: Renounce Religion, Shatter the Chains


You were on level 1 of the Lair of Beasts.
You worshipped Ashenzari.
Ashenzari was pleased with you.
You visited 3 branches of the dungeon, and saw 11 of its levels.

You collected 618 gold pieces.

Inventory:

Hand Weapons
 m - the +2 dagger "Eviscerator" (weapon) {flame, rC- rCorr MP+9 Dex+4}
   (You found it on level 2 of the Dungeon)

   Dex+4:     It affects your dexterity (+4).
   rC-:       It makes you vulnerable to cold.
   MP+9:      It affects your magic capacity (+9).
   rCorr:     It protects you from acid and corrosion.
Missiles
 c - a throwing net
Armour
 p - a +0 pair of boots (worn)
 r - the cursed +2 robe of the Cosmic Seer (worn) {rC+ rF+, Fort, Melee}
   (You took it off Sigmund on level 3 of the Dungeon)

   It has a curse which improves the following skills: Fortitude: Armour and
   Shields.
   Melee Combat: Short Blades, Long Blades, Axes, Maces & Flails, Polearms,
   Staves and Unarmed Combat.
 I - a scarf of shadows (worn)
Jewellery
 a - a ring of ice
 d - a ring of see invisible
 e - the cursed ring of Ashenzari's Black Moon (right hand) {Str+6, Dev, Sorc}
   (You found it on level 1 of the Dungeon)

   [ring of strength]

   Str+6:     It affects your strength (+6).
   It has a curse which improves the following skills: Devices: Evocations and
   Shapeshifting.
   Sorcery:   Conjurations and Alchemy.
 i - a +5 ring of evasion (left hand)
 o - the cursed Hermit's Pendant (around neck) {Faith Invo=14 Evo=0 MP+5, Elem, Sorc}
   (You found it on level 3 of the Dungeon)

   [amulet of faith]

   Invo=14: It sets your Invocations skill to 14.
   Evo=0: It sets your Evocations skill to 0.
   Faith:     It allows you to gain divine favour quickly.
   MP+5:      It affects your magic capacity (+5).
   It has a curse which improves the following skills: Elements: Fire Magic, Ice
   Magic, Air Magic and Earth Magic.
   Sorcery:   Conjurations and Alchemy.
 H - an amulet of regeneration
 L - a ring of flight
Wands
 y - a wand of flame (16)
 G - a wand of charming (9)
Scrolls
 j - a scroll of enchant armour
 k - 2 scrolls of noise
 l - 4 scrolls of teleportation
 n - a scroll of revelation
 s - a scroll of fear
 t - a scroll of amnesia
 v - 2 scrolls of brand weapon
 w - a scroll of blinking
 B - 2 scrolls of vulnerability
 E - 2 scrolls of fog
 F - a scroll of enchant weapon
 J - 2 scrolls of poison
Potions
 b - 2 potions of magic
 f - 3 potions of mutation
 g - 2 potions of degeneration
 h - 2 potions of resistance
 q - 8 potions of curing
 u - 2 potions of haste
 x - 4 potions of might
 z - a potion of ambrosia
 A - a potion of lignification
 C - a potion of brilliance
 D - a potion of berserk rage
 K - a potion of cancellation


   Skills:
 + Level 4.7 Fighting
 + Level 3.3(4.3) Short Blades
 * Level 6.6 Dodging
 + Level 5.2 Stealth
 * Level 6.6 Spellcasting
 + Level 6.0(7.7) Conjurations
 * Level 6.1(7.2) Air Magic
 * Level 7.6(9.4) Alchemy


You had 9 spell levels left.
You knew the following spells:

 Your Spells              Type           Power      Damage    Failure   Level
a - Sting                 Conj/Alch      100%       1d9       1%          1
b - Mercury Vapours       Alch/Air       78%        N/A       1%          2
c - Mephitic Cloud        Conj/Alch/Air  39%        N/A       1%          3
d - Olgreb's Toxic Radia  Alch           44%        N/A       1%          4
e - Fulminant Prism       Conj/Alch      20%        3d12      3%          4

Your spell library contained the following spells:

 Spells                   Type           Power      Damage    Failure   Level
 Magic Dart               Conj           100%       1d8       1%          1
 Searing Ray              Conj           74%        2d7       1%          2
 Stone Arrow              Conj/Erth      44%        3d9       6%          3
 Necrotise                Necr           24%        1d5       10%         1
 Summon Small Mammal      Summ           24%        N/A       10%         1
 Sticky Flame             Fire/Alch      25%        2d6       14%         4
 Call Canine Familiar     Summ           6%         N/A       30%         3
 Vampiric Draining        Necr           6%         2d6       30%         3
 Freezing Cloud           Conj/Ice/Air   13%        6-21      34%         5
 Animate Armour           Summ/Erth      12%        N/A       67%         4
 Summon Blazeheart Golem  Fire/Summ      6%         N/A       67%         4
 Martyr's Knell           Necr/Summ      6%         N/A       69%         4
 Curse of Agony           Necr           6%         N/A       95%         5
 Lehudib's Crystal Spear  Conj/Erth      11%        10d4      100%        8


Dungeon Overview and Level Annotations

Branches:
Dungeon (9/15)             Temple (1/1) D:6            Lair (1/5) D:8
    Orc: D:9-12

Altars:
Ashenzari
Cheibriados
Dithmenos
Fedhas
Gozag
Hepliaklqana
Kikubaaqudgha
Makhleb
Nemelex Xobeh
Okawaru
Qazlal
Ru
Sif Muna
Trog
Uskayaw
Vehumet
Xom
Yredelemnul


Innate Abilities, Weirdness & Mutations

You are partially covered in yellow scales. (AC +2)
Your demonic aura often causes spilled blood to erupt in flames.
Spells you cast may paralyse adjacent enemies.
You have a small tail.


Message History

You kill the water moccasin!
The water moccasin misses you. The cane toad stings you.
You have reached level 11!
The water moccasin attacks as it pursues you!
The water moccasin completely misses you.
You enter the shallow water.
Moving in this stuff is going to be slow.
The yak is engulfed in blazing flames.
You kill the yak!
The water moccasin completely misses you.
The water moccasin attacks as it pursues you!
The water moccasin bites you. The water moccasin barely misses you.
The cane toad gives a loud, deep croak!
The water moccasin is engulfed in blazing flames.
A rime drake comes into view.
The cane toad attacks as it pursues you!
The cane toad stings you!
Casting: Mephitic Cloud (safe; 1% risk of failure)
Confirm with . or Enter, or press ? or * to list all spells.
You begin to radiate toxic energy.
The rime drake is poisoned.
Malevolent energies surge around you.
The rime drake looks even sicker.
The rime drake breathes ice at you. The icy flash freeze misses you.
The icy flash freeze hits the water moccasin!!
The water moccasin dies!
A rime drake comes into view.
The cane toad completely misses you.
The rime drake hisses angrily.
Unknown command.
Casting: Olgreb's Toxic Radiance (dangerous; 1% risk of failure)
Confirm with . or Enter, or press ? or * to list all spells.
Your toxic radiance grows in intensity.
The rime drake is poisoned.
Malevolent energies surge around you.
The rime drake looks even sicker.
The cane toad stings you!!
* * * LOW HITPOINT WARNING * * *
You are lethally poisoned!
The cane toad poisons you! The rime drake breathes ice at you.
The icy flash freeze hits you!!
You die...

,,,,,,,,,,,,,,,,,,,,,,,,,,,,,,,,,
,*,,,,,,,,,,,,,,,,,,,,,,,,,,,,,,,
,,,,,,,,,,...................,,,,
,,,,,,,,,,...................,,,,
,,,,,,,,,,...................,,,,
,,**,,,,,,....................,,,
,,,,,,,,,,....................,,,
,,,,,,,*,,.......☼............,,,
,,,,,,,,,,......@F..k.........,,,
,,,,,,,,,,...k...§#.#†.†......,,*
*,,,,,,,,,...###..#.~......#..,*,
*,,*,,,,,,..,**#.#..~≈.<.~..##,**
,,,,,,,,,,,,,,*....~~≈~..~.###,**
*,,,,,,,,,,,,,##..~≈≈≈≈≈≈≈≈.#.,*
,,,,,,,,,,,,,,*##.~~≈≈≈≈≈≈~..#,*
,*,,,,,,,,,,,,**##.≈≈≈≈≈≈≈~...,*
,*,,,,,,,,,,,,,,##.~~≈≈≈≈~~...**


You could see a cane toad and 2 rime drakes.

Vanquished Creatures
  A two-headed ogre (D:9)
  A boulder beetle (Lair:1)
  Pikel (D:9)
  A manticore (D:6)
  Psyche (D:9)
  A hornet (D:8)
  Prince Ribbit (D:5)
  Sigmund (D:3)
  6 yaks
  Menkaure (D:6)
  2 water moccasins
  3 sky beasts
  2 black bears (D:6)
  5 ogres
  2 centaurs (D:8)
  A weeping skull (D:3)
  3 kobold brigands
  Blork the orc (D:6)
  2 bullfrogs
  A gnoll sergeant (D:9)
  4 scorpions
  10 wights
  15 killer bees (D:9)
  A howler monkey (D:9)
  4 orc priests
  3 bombardier beetles
  A gnoll bouda (D:8)
  3 hounds
  A jelly (D:5)
  2 orc wizards
  2 sleepcaps
  Natasha (thrice) (D:4)
  4 iguanas
  7 adders
  8 gnolls
  A shadow imp (D:6)
  2 white imps (D:7)
  4 ufetubi (D:6)
  2 ribbon worms
  5 dart slugs
  23 orcs
  5 endoplasms
  3 giant cockroaches
  5 goblins
  6 hobgoblins
  4 jackals (D:1)
  4 quokkas
  5 ball pythons
  7 bats
  2 frilled lizards
  18 kobolds
  5 rats
  A spectral orc (D:3)
  A butterfly (D:6)
208 creatures vanquished.

Vanquished Creatures (others)
  A water moccasin (Lair:1)
  A killer bee (D:9)
  8 fulminant prisms
10 creatures vanquished.

Grand Total: 218 creatures vanquished

Notes
Turn   | Place    | Note
-------+----------+-------------------------------------------
     0 | D:1      | GreatBamboolord the Demonspawn Alchemist began the quest
                  | for the Orb.
     0 | D:1      | Reached XP level 1. HP: 13/13 MP: 3/3
   138 | D:1      | Found a faded altar of an unknown god.
   164 | D:1      | Gained mutation: Your demonic aura sometimes causes spilled
                  | blood to erupt in flames. [demonic ancestry]
   164 | D:1      | Reached XP level 2. HP: 11/19 MP: 0/5
   865 | D:1      | Reached XP level 3. HP: 24/25 MP: 2/6
   886 | D:1      | Learned a level 2 spell: Mercury Vapours
  1911 | D:2      | Identified the +2 dagger "Eviscerator" {flame, rC- rCorr
                  | MP+9 Dex+4}
  2264 | D:2      | Found a basalt altar of Yredelemnul.
  2422 | D:3      | Gained mutation: You have a small tail. [demonic ancestry]
  2422 | D:3      | Reached XP level 4. HP: 31/31 MP: 7/7
  2519 | D:3      | Found the Hermit's Pendant {Faith Invo=14 Evo=0 MP+5}
  2692 | D:3      | Found a snail-covered altar of Cheibriados.
  2883 | D:3      | Found a basalt altar of Yredelemnul.
  2883 | D:3      | Noticed a weeping skull
  2902 | D:3      | Killed a weeping skull
  2903 | D:3      | Reached skill level 1 in Fighting
  2903 | D:3      | Reached skill level 1 in Air Magic
  2903 | D:3      | Reached XP level 5. HP: 31/37 MP: 14/14
  2972 | D:3      | Noticed Sigmund
  2985 | D:3      | Killed Sigmund
  2986 | D:3      | Reached skill level 4 in Alchemy
  2986 | D:3      | Reached XP level 6. HP: 33/43 MP: 16/16
  3426 | D:4      | Found a shimmering altar of Xom.
  3557 | D:4      | Learned a level 3 spell: Mephitic Cloud
  3946 | D:4      | Noticed Natasha
  3959 | D:4      | Killed Natasha
  3960 | D:4      | Gained mutation: You are partially covered in yellow
                  | scales. (AC +2) [demonic ancestry]
  3960 | D:4      | Reached XP level 7. HP: 29/49 MP: 17/17
  4264 | D:4      | Noticed Natasha
  4273 | D:4      | Killed Natasha
  4361 | D:4      | Noticed Natasha
  4436 | D:4      | Killed Natasha
  4478 | D:5      | Entered Level 5 of the Dungeon
  5077 | D:5      | Gained mutation: Spells you cast may paralyse adjacent
                  | enemies. [demonic ancestry]
  5077 | D:5      | Reached XP level 8. HP: 57/57 MP: 18/18
  5236 | D:5      | Noticed Prince Ribbit
  5248 | D:5      | Killed Prince Ribbit
  5249 | D:5      | Reached skill level 5 in Alchemy
  5718 | D:5      | Learned a level 4 spell: Olgreb's Toxic Radiance
  5881 | D:6      | Noticed Blork the orc
  5894 | D:6      | Noticed Menkaure
  5965 | D:6      | Killed Menkaure
  5994 | D:6      | Killed Blork the orc
  6189 | D:6      | Reached skill level 1 in Short Blades
  6313 | D:6      | Found a hazy altar of Hepliaklqana.
  6467 | D:6      | Found a staircase to the Ecumenical Temple.
  6589 | Temple   | Entered the Ecumenical Temple
  6636 | Temple   | Became a worshipper of Ashenzari the Shackled
  6710 | D:6      | Gained mutation: Your demonic aura often causes spilled
                  | blood to erupt in flames. [demonic ancestry]
  6710 | D:6      | Reached XP level 9. HP: 58/63 MP: 19/19
  6716 | D:6      | Learned a level 4 spell: Fulminant Prism
  6741 | D:6      | Noticed a manticore
  6764 | D:6      | Killed a manticore
  6765 | D:6      | Reached skill level 5 in Dodging
  6765 | D:6      | Reached skill level 5 in Spellcasting
  6765 | D:6      | Reached skill level 6 in Alchemy
  6941 | D:6      | Reached skill level 5 in Conjurations
  7206 | D:7      | Found a hide-covered altar of Uskayaw.
  7206 | D:7      | Found a burning altar of Makhleb.
  7682 | D:7      | Found a radiant altar of Vehumet.
  7714 | D:7      | Found a bloodstained altar of Trog.
  8339 | D:8      | Found a staircase to the Lair.
  8345 | D:8      | Reached skill level 5 in Air Magic
  8345 | D:8      | Reached XP level 10. HP: 71/71 MP: 20/20
  8457 | D:9      | Noticed Pikel
  8461 | D:9      | Killed Pikel
  8462 | D:9      | Reached * piety under Ashenzari
  8552 | D:9      | Noticed Psyche
  8565 | D:9      | Killed Psyche
  8742 | D:9      | Reached skill level 7 in Alchemy
  8952 | D:9      | Noticed a two-headed ogre
  8963 | D:9      | Killed a two-headed ogre
  8964 | D:9      | Reached skill level 5 in Stealth
  9508 | D:9      | Reached ** piety under Ashenzari
 10294 | Lair:1   | Entered Level 1 of the Lair of Beasts
 10297 | Lair:1   | Noticed a boulder beetle
 10309 | Lair:1   | Noticed a cane toad
 10314 | Lair:1   | Killed a boulder beetle
 10317 | Lair:1   | Reached XP level 11. HP: 44/78 MP: 20/21
 10324 | Lair:1   | Killed from afar by a rime drake

Illustrated notes

Levels and vault maps discovered:
D:1:      dpeg_arrival_three_bigger_balls, layout_basic,
          shapermc_ecumenical_altar_venn, minmay_misc_feat_more_columns
D:2:      layout_rooms, basic_altar
D:3:      layout_basic, yredelemnul_forgotten_temple_becter,
          mainiacjoe_overflow_alcove_2, kennysheep_decorative_pillar,
          uniq_sigmund
D:4:      layout_loops_ring, mainiacjoe_overflow_boulevard,
          supply_closet_lemuel, uniq_natasha
D:5:      layout_basic, uniq_prince_ribbit1
D:6:      layout_rooms, kennysheep_mini_moat, minmay_temple_entry_butterflies,
          grunt_potential, uniq_menkaure, uniq_blork_the_orc
D:7:      layout_loops_ring, lemuel_tele_altar, nicolae_overflow_hidden_temple,
          jmf_multi_god_temple
D:8:      layout_loops_cross, lair_entry_dummy
D:9:      layout_layer_cave, kennysheep_path_1, item_on_display_a, uniq_psyche,
          uniq_pikel
Temple:   chequers_temple_sunken
Lair:1:   layout_cave_shapes, nicolae_volcano_entry_batcave,
          beast_lair_carwin_6, infiniplex_staircase_pool

Skill      XL: |  1  2  3  4  5  6  7  8  9 10 |
---------------+-------------------------------+-----
Dodging        | 2 3 4 5 6 |  6.6
Stealth        | 2 3 4 5 |  5.2
Fighting       | 1 2 3 4 |  4.7
Air Magic      | 1 2 3 5 6 |  6.1
Spellcasting   | 3 4 5 6 |  6.6
Conjurations   | 2 3 4 5 6 |  6.0
Alchemy        | 4 5 6 7 |  7.6
Short Blades   | 1 2 3 |  3.3

Action                     |  1- 3 |  4- 6 |  7- 9 | 10-12 || total
---------------------------+-------+-------+-------+-------++-------
  Melee: Unarmed           |    17 |       |       |       ||    17
         Dagger            |     8 |    30 |    76 |    41 ||   155
         Tailslap          |       |     4 |     4 |     6 ||    14
         Punch             |       |     2 |       |       ||     2
   Cast: Sting             |    81 |    78 |   152 |    11 ||   322
         Mercury Vapours   |       |     2 |    21 |     4 ||    27
         Mephitic Cloud    |       |       |     3 |     4 ||     7
         Olgreb's Toxic Ra |       |       |    13 |    17 ||    30
         Fulminant Prism   |       |       |     4 |     4 ||     8
 Invoke: Curse Item        |       |       |     1 |     2 ||     3
    Use: Scroll            |       |     2 |     5 |     1 ||     8
         Potion            |       |       |     2 |     1 ||     3
   Stab: Sleeping          |     1 |     1 |     5 |       ||     7
         Confused          |       |       |     1 |       ||     1
         Paralysed         |       |       |    27 |     7 ||    34
 Armour: Robe              |    26 |    28 |    69 |    23 ||   146
  Dodge: Dodged            |    36 |    37 |   116 |    54 ||   243
